 Dungeon Crawl Stone Soup version 0.27.1-4-g1640c2035a (webtiles) character file.

Game seed: 4995368713433115346

1990 wpisznazwe the Gouger (level 9, -6/39 HPs)
             Began as a Felid Fighter on Nov 14, 2021.
             Killed by divine providence
             ... invoked by Erolcha the meliai
              (9 damage)
             ... on level 9 of the Dungeon.
             The game lasted 00:31:11 (14513 turns).

wpisznazwe the Gouger (Felid Fighter)              Turns: 14513, Time: 00:31:11

Health: -6/39      AC:  2    Str: 12    XL:     9   Next: 1%
Magic:  10/10      EV: 22    Int: 10    God:
Gold:   490        SH:  0    Dex: 19    Spells: 6/8 levels left
                                        Lives:  0   Deaths: 2

rFire    . . .     SeeInvis +     - Unarmed
rCold    + . .     Faith    .   (shield unavailable)
rNeg     . . .     Spirit   .   (armour unavailable)
rPois    +         Reflect  .   (helmet unavailable)
rElec    .         Harm     .   (cloak unavailable)
rCorr    .         Rampage  .   (gloves unavailable)
Will     +....                  (boots unavailable)
Stlth    ++++......             n - amulet of the acrobat
HPRegen  0.13/turn              j - ring of poison resistance
MPRegen  0.12/turn              x - ring of protection from cold

@: studying Evocations, quick
A: very small, claws 1, fangs 3, see invisible, speed 1, shaggy fur 2, stealthy
paws, no weapons or thrown items, no armour, multi-lived
a: no special abilities


You were on level 9 of the Dungeon.
You visited 2 branches of the dungeon, and saw 10 of its levels.

You collected 490 gold pieces.

Inventory:

Jewellery
 j - a ring of poison resistance (left paw)
 n - an amulet of the acrobat (around neck)
 w - a ring of fire
 x - a ring of protection from cold (right paw)
Wands
 g - a wand of digging (19)
 r - a wand of polymorph (11)
 t - a wand of flame (16)
Scrolls
 e - a scroll of amnesia
 k - 3 scrolls of vulnerability {unknown}
 m - a scroll of immolation
 o - a scroll of teleportation
 p - 3 scrolls of blinking {unknown}
 s - a scroll of summoning
Potions
 a - a potion of might
 b - 2 potions of invisibility
 c - 3 potions of heal wounds {unknown}
 d - 2 potions of brilliance {unknown}
 f - a potion of lignification
 h - a potion of flight
 i - a potion of ambrosia
 l - 2 potions of curing {unknown}
 q - a potion of mutation
 u - a potion of attraction


   Skills:
 + Level 4.5 Fighting
 + Level 7.8 Dodging
 + Level 8.7 Stealth
 + Level 11.1 Unarmed Combat
 * Level 5.1 Translocations
 * Level 8.7 Evocations


You had 6 spell levels left.
You knew the following spells:

 Your Spells              Type           Power      Damage    Failure   Level
a - Blink                 Tloc           N/A        N/A       7%          2

Your spell library contained the following spells:

 Spells                   Type           Power      Damage    Failure   Level
 Freeze                   Ice            0%         1d3       36%         1
 Frozen Ramparts          Ice            0%         1d2       75%         3
 Manifold Assault         Tloc           10%        N/A       78%         5
 Hailstorm                Conj/Ice       0%         3d3       98%         4
 Leda's Liquefaction      Hex/Erth       0%         N/A       98%         4
 Bolt of Magma            Conj/Fire/Erth 0%         4d4       100%        5
 Statue Form              Tmut/Erth      0%         N/A       100%        6
 Storm Form               Tmut/Air       0%         N/A       100%        7


Dungeon Overview and Level Annotations

Branches:
Dungeon (9/15)             Temple (1/1) D:7
   Lair: D:8-11         Orc: D:9-12

Altars:
Ashenzari
Dithmenos
Elyvilon
Gozag
Hepliaklqana
Kikubaaqudgha
Makhleb
Nemelex Xobeh
Okawaru
Qazlal
Ru
Sif Muna
Trog
Uskayaw
Wu Jian
Yredelemnul
Zin

Shops:
D:8 [

Annotations:
D:6 1 transporter
D:7 2 transporters, McKennaii's ghost, novice DsFi
D:9 Erolcha


Innate Abilities, Weirdness & Mutations

You have sharp claws.
You have razor-sharp teeth.
You have supernaturally acute eyesight. (SInv)
You cover ground quickly. (Speed+)
You are covered in thick fur. (AC +2)
Your paws help you pounce on unaware monsters.
You are incapable of wielding weapons or throwing items.
You cannot wear armour.
You gain extra lives every three experience levels.


Message History

Confirm with . or Enter, or press ? or * to list all spells.
You blink.
Erolcha mumbles some strange words.
Erolcha flickers and vanishes for a moment.
Attack: -) Teeth and claws
Press: ? - help, Dir - move target, f - you, p - Erolcha
Okay, then.
Aiming: Polymorph
Press: ? - help, Shift-Dir - straight line, f/p - Erolcha
Aim: Erolcha, wielding a +0 giant spiked club and wearing a +0 robe (slightly transparent, will become a blink frog, a bat, or a meliai, chance to affect: 35%) Erolcha easily resists.
The orc shouts!
Aiming: Polymorph
Press: ? - help, Shift-Dir - straight line, f/p - Erolcha
Aim: Erolcha, wielding a +0 giant spiked club and wearing a +0 robe (slightly transparent, will become a blink frog, a bat, or a meliai, chance to affect: 35%) Erolcha easily resists.
Aiming: Polymorph
Press: ? - help, Shift-Dir - straight line, f/p - Erolcha
Aim: Erolcha, wielding a +0 giant spiked club and wearing a +0 robe (slightly transparent, will become a blink frog, a bat, or a meliai, chance to affect: 35%) Erolcha easily resists.
The orc zaps a wand.
The puff of flame hits you!
Unknown command.
Things that are here:
a +0 long sword; a +0 ring mail Erolcha screams, "Erolcha crush your head!"
Items here: )) [ รท.
Aiming: Polymorph
Press: ? - help, Shift-Dir - straight line, f/p - Erolcha
Aim: Erolcha, wielding a +0 giant spiked club and wearing a +0 robe (slightly transparent, will become a blink frog, a bat, or a meliai, chance to affect: 35%) Erolcha evaporates and reforms as a meliai!
Erolcha picks up an emerald potion.
Erolcha mumbles some strange prayers to its god against you.
Something smites you!
Unknown command.
There is a stone staircase leading up here.
Erolcha invokes the aid of its god against you.
Something smites you!
* * * LOW HITPOINT WARNING * * *
Erolcha calls down the wrath of its god upon you.
Something smites you!
You die...

...##............................
.#####..........................#
.##.................##.......)...
....................#........)..#
#...###.............###......)...
#...................# ##...####..
......##......#.#...# #o..#.....
................##..####y.....###
..##...#........@....##.......#
#####..#.............#.......##
#..............y.#......##
#...........#......######
###........###..#.##
##.........###### ###.....>##
#.#....# ###....#


You could see Erolcha the meliai.

Vanquished Creatures
  A glowing orange brain (D:8)
  Pikel (D:4)
  An orb spider (D:8)
  A gargoyle (D:7)
  A meliai zombie (D:8)
  A wyvern (D:7)
  A steam dragon (D:6)
  2 acid dragons (D:8)
  A water moccasin (D:7)
  Duvessa (D:6)
  3 orc warriors
  2 black bears
  A necrophage (D:7)
  3 ogres
  A centaur (D:6)
  A kobold brigand (D:8)
  A bullfrog (D:7)
  Dowan (D:6)
  4 scorpions
  A wyvern skeleton (D:7)
  5 killer bees (D:9)
  3 wights (D:8)
  A howler monkey (D:8)
  2 centaur zombies
  3 bullfrog zombies
  A hound (D:5)
  6 orc priests
  2 iguanas
  Ijyb (D:4)
  2 orc wizards
  A hound skeleton (D:5)
  4 howler monkey zombies
  5 adders
  A shadow imp (D:8)
  An adder zombie (D:3)
  5 worms
  3 dart slugs
  20 orcs
  7 ball pythons
  6 endoplasms
  2 giant cockroaches
  5 goblins
  4 hobgoblins
  5 jackals
  A quokka (D:2)
  5 bats
  A frilled lizard (D:3)
  12 kobolds
  2 quokka zombies (D:3)
  3 rats
148 creatures vanquished.

Vanquished Creatures (others)
  An orc (D:3)
  4 fungi (D:5)
5 creatures vanquished.

Grand Total: 153 creatures vanquished

Notes
Turn   | Place    | Note
-------+----------+-------------------------------------------
     0 | D:1      | wpisznazwe the Felid Fighter began the quest for the Orb.
     0 | D:1      | Reached XP level 1. HP: 10/10 MP: 2/2
     6 | D:1      | Found a faded altar of an unknown god.
   425 | D:1      | Reached XP level 2. HP: 14/14 MP: 3/3
  1230 | D:2      | Reached XP level 3. HP: 17/17 MP: 4/4
  1634 | D:2      | Found a stormy altar of Qazlal.
  1683 | D:2      | Reached skill level 1 in Stealth
  1865 | D:2      | Reached skill level 5 in Unarmed Combat
  2195 | D:2      | Reached XP level 4. HP: 20/21 MP: 5/5
  2419 | D:3      | Found a basalt altar of Yredelemnul.
  3177 | D:3      | Found an opulent altar of Gozag.
  3317 | D:3      | Found a hazy altar of Hepliaklqana.
  3561 | D:3      | Found a stormy altar of Qazlal.
  4400 | D:4      | Reached XP level 5. HP: 23/24 MP: 6/6
  4458 | D:4      | Noticed Pikel
  4458 | D:4      | Noticed a lemure
  4458 | D:4      | Noticed a lemure
  4458 | D:4      | Noticed a lemure
  4458 | D:4      | Noticed a lemure
  4752 | D:4      | Noticed an ogre
  4771 | D:4      | Killed an ogre
  4772 | D:4      | Reached skill level 6 in Unarmed Combat
  5044 | D:4      | Killed Pikel
  5045 | D:4      | Reached skill level 5 in Dodging
  5045 | D:4      | Reached skill level 7 in Unarmed Combat
  5045 | D:4      | Gained mutation: You are covered in thick fur. (AC +2)
                  | [Felid growth]
  5045 | D:4      | Reached XP level 6. HP: 8/28 MP: 7/7
  5045 | D:4      | Reached XP level 7. HP: 9/31 MP: 8/8
  5287 | D:4      | Noticed Ijyb
  5308 | D:4      | Killed Ijyb
  5309 | D:4      | Reached skill level 1 in Evocations
  5577 | D:5      | Entered Level 5 of the Dungeon
  5706 | D:5      | You fall into a shaft and drop 2 floors!
  5706 | D:7      | Noticed a wyvern
  5733 | D:7      | Identified a scroll of acquirement
  5734 | D:7      | Acquired a manual of Evocations
  5926 | D:7      | Reached skill level 8 in Unarmed Combat
  6340 | D:6      | Reached XP level 8. HP: 36/36 MP: 9/9
  6397 | D:6      | Reached skill level 5 in Stealth
  6580 | D:5      | Found a glowing silver altar of Zin.
  6658 | D:5      | Found an ornate altar of the Wu Jian Council.
  6994 | D:5      | Found a hide-covered altar of Uskayaw.
  8063 | D:5      | Found a hide-covered altar of Uskayaw.
  8104 | D:5      | Found a glowing silver altar of Zin.
  8275 | D:5      | Found an ornate altar of the Wu Jian Council.
  8455 | D:6      | Noticed Duvessa
  8459 | D:6      | Noticed Dowan
  8463 | D:6      | Killed Duvessa
  8464 | D:6      | Reached skill level 9 in Unarmed Combat
  8518 | D:6      | Killed Dowan
  8792 | D:6      | Found a transporter.
  8822 | D:6      | Found a transporter.
  8888 | D:6      | Reached skill level 5 in Evocations
  9679 | D:7      | Reached XP level 9. HP: 39/39 MP: 10/10
  9694 | D:7      | Noticed a gargoyle
  9711 | D:7      | Found a staircase to the Ecumenical Temple.
  9722 | Temple   | Entered the Ecumenical Temple
 10206 | D:7      | Learned a level 2 spell: Blink
 10521 | D:7      | Killed a gargoyle
 10522 | D:7      | Reached skill level 10 in Unarmed Combat
 10684 | D:7      | Found a transporter.
 10689 | D:7      | Found a transporter.
 10690 | D:7      | Noticed McKennaii's ghost (novice DsFi)
 10922 | D:8      | Found Odentusch's Armour Emporium.
 10944 | D:8      | Found a bloodstained altar of Trog.
 11381 | D:8      | Noticed a boulder beetle
 11391 | D:8      | Noticed an alligator
 11391 | D:8      | a boulder beetle changed into an alligator
 11392 | D:8      | Noticed a glowing orange brain
 11392 | D:8      | an alligator changed into a glowing orange brain
 11406 | D:8      | Killed a glowing orange brain
 11407 | D:8      | Reached XP level 10. HP: 31/43 MP: 11/11
 11726 | D:8      | Noticed a centaur warrior
 11930 | D:8      | Slain by a centaur warrior
 11931 | D:8      | Reached XP level 9. HP: -1/39 MP: 10/10
 11966 | D:8      | Noticed an orb spider
 11966 | D:8      | a centaur warrior changed into an orb spider
 11995 | D:8      | Blown up by an orb spider
 11996 | D:8      | Reached XP level 8. HP: -11/36 MP: 9/9
 12065 | D:8      | HP: 1/34 [wight (4)]
 12425 | D:8      | Killed an orb spider
 12613 | D:8      | Found a bloodstained altar of Trog.
 12638 | D:8      | Found Odentusch's Armour Emporium.
 13210 | D:9      | Noticed Erolcha
 13326 | D:9      | Reached skill level 11 in Unarmed Combat
 13634 | D:9      | Reached skill level 5 in Translocations
 14222 | D:9      | Reached XP level 9. HP: 9/39 MP: 4/10
 14507 | D:9      | Noticed Erolcha
 14507 | D:9      | Erolcha changed into Erolcha the meliai
 14513 | D:9      | Killed from afar by Erolcha the meliai

Illustrated notes

Levels and vault maps discovered:
D:1:      giann_bridges, layout_basic, basic_ecumenical_altar
D:2:      layout_rooms, basic_altar, minmay_puff
D:3:      layout_basic, grunt_gozag_breadcrumbs,
          nicolae_yredelemnul_corpse_copse, nicolae_qazlal_general_emergency,
          mainiacjoe_overflow_paths, solitary_fountain
D:4:      layout_basic, uniq_ijyb, uniq_pikel
D:5:      layout_rooms, mainiacjoe_overflow_boulevard,
          mainiacjoe_overflow_six_doors_small, nzn_wu_jian_contemplation
D:6:      gammafunk_steamed_eel, layout_rooms, serial_curves, eino_curves_04,
          eino_curves_02, eino_curves_02, uniq_duvessa
D:7:      layout_gridville, minmay_temple_entry_proselytizer,
          gammafunk_ghost_hive, st_stairs_1
D:8:      layout_basic, bloody_trog, serial_shops, nicolae_stop_n_shop_2
D:9:      layout_cave_pools, jmf_multi_god_temple, uniq_erolcha
Temple:   dpeg_three_leaves_temple

Skill      XL: |  1  2  3  4  5  6  7  8  9 |
---------------+----------------------------+-----
Stealth        | 1 2 4 6 8 |  8.7
Unarmed Combat | 5 7 8 11 10 | 11.1
Dodging        | 5 6 7 |  7.8
Evocations     | 1 5 8 |  8.7
Fighting       | 4 |  4.5
Translocations | 5 4 |  5.1

Action                   |  1- 3 |  4- 6 |  7- 9 | 10-12 || total
-------------------------+-------+-------+-------+-------++-------
Melee: Unarmed           |   112 |    95 |   282 |    36 ||   525
       Bite              |     8 |    12 |    35 |     4 ||    59
       Punch             |     3 |     1 |    11 |     1 ||    16
 Cast: Blink             |       |       |     4 |       ||     4
Evoke: Wand              |       |     4 |    26 |     3 ||    33
  Use: Scroll            |       |       |    16 |       ||    16
 Stab: Sleeping          |     6 |     1 |    16 |     2 ||    25
       Distracted        |       |       |     2 |       ||     2
Armor: Skin              |     4 |     1 |     8 |     1 ||    14
Dodge: Dodged            |    89 |    49 |   210 |    35 ||   383
